 Dungeon Crawl Stone Soup version 0.18-b1-1-gfba2bb3 (webtiles) character file.

8014 Minkie the Basher (level 11, -12/90 HPs)
             Began as a Deep Dwarf Fighter on Apr 27, 2016.
             Was a Believer of Pakellas.
             Mangled by KNBrisson's ghost (15 damage)
             ... on level 8 of the Dungeon.
             The game lasted 00:31:52 (5706 turns).

Minkie the Basher (Deep Dwarf Fighter)              Turns: 5706, Time: 00:31:52

Health: -12/90     AC: 10    Str: 21    XL:     11   Next: 4%
Magic:  14/20      EV:  5    Int:  8    God:    Pakellas [**....]
Gold:   494        SH: 10    Dex: 15    Spells: 0 memorised, 10 levels left

rFire  . . .     SeeInvis .     a - +0 flail
rCold  . . .     Gourm    .     B - +0 chain mail
rNeg   . . .     Faith    .     c - +0 shield
rPois  +         Spirit   .     n - +0 helmet
rElec  .         Dismiss  .     (no cloak)
rCorr  .         Reflect  .     (no gloves)
SustAt .         Harm     .     (no boots)
MR     ++...                    (no amulet)
Stlth  ..........               C - ring of poison resistance
                                i - ring of protection from magic

@: exhausted, non-regenerating, slowed, very slow, very resistant to hostile
enchantments, extremely unstealthy
A: damage resistance, recharge devices, sense surroundings 2, slow regeneration
3
a: Device Recharging, Quick Charge, Renounce Religion


You were on level 8 of the Dungeon.
You worshipped Pakellas.
Pakellas was pleased with you.
You were not hungry.

You visited 1 branch of the dungeon, and saw 8 of its levels.
You also visited: Sewer.

You collected 494 gold pieces.

Inventory:

Hand Weapons
 a - a +0 flail (weapon)
Missiles
 d - 11 tomahawks (quivered)
Armour
 c - a +0 shield (worn)
 n - a +0 helmet (worn)
 B - a +0 chain mail (worn)
Jewellery
 i - a ring of protection from magic (left hand)
 m - a cursed -2 ring of slaying {unknown}
 w - an uncursed amulet of guardian spirit {unknown}
 y - an uncursed ring of magical power
 C - a ring of poison resistance (right hand)
 H - a cursed amulet of harm {unknown}
 I - a cursed ring of loudness {unknown}
Wands
 b - a wand of confusion (20/48)
 e - a wand of heal wounds (0/9)
 s - a wand of slowing (21/48)
 v - a wand of flame (18/48)
 D - a wand of lightning (8/15)
 J - a wand of polymorph (13/24)
 K - a wand of confusion (26/48)
 N - a wand of random effects (23/48)
 O - a wand of confusion (22/48)
Scrolls
 k - 4 scrolls of remove curse {unknown}
 r - 2 scrolls of teleportation {unknown}
 t - 2 scrolls of amnesia {unknown}
 x - 2 scrolls of magic mapping {unknown}
 E - 2 scrolls of enchant armour {unknown}
 G - a scroll of fear {unknown}
 P - a scroll of enchant weapon {unknown}
 Q - a scroll of summoning {unknown}
Potions
 g - a potion of flight
 j - 4 potions of curing
 o - a potion of brilliance
 p - a potion of heal wounds
 u - a potion of berserk rage
 z - a potion of lignification
 A - a potion of magic
Miscellaneous
 F - a box of beasts
Comestibles
 f - 9 bread rations
 h - 2 slices of pizza
 l - a chunk of flesh
 q - 3 meat rations
 L - 6 beef jerkies


   Skills:
 - Level 3.0 Fighting
 * Level 14.5 Maces & Flails
 - Level 4.1 Armour
 - Level 4.1 Shields
 + Level 13.0 Evocations


You had 10 spell levels left.
You didn't know any spells.

Dungeon Overview and Level Annotations

Branches:
Dungeon (8/15)             Temple (0/1) D:4
   Lair: D:8-11

Altars:
Ashenzari
Cheibriados
Dithmenos
Elyvilon
Gozag
Pakellas
Xom
Zin

Annotations:
D:8 KNBrisson's ghost, novice FeBe


Innate Abilities, Weirdness & Mutations

You are resistant to damage.
You can recharge devices by infusing magical energy.
You passively map the area around you.
You do not regenerate naturally.


Message History

You barely miss KNBrisson's ghost.
KNBrisson's ghost is moderately damaged.
KNBrisson's ghost hits you!
* * * LOW HITPOINT WARNING * * *
You miss KNBrisson's ghost.
KNBrisson's ghost is moderately damaged.
Your shield and chain mail prevent you from hitting KNBrisson's ghost.
KNBrisson's ghost is moderately damaged.
KNBrisson's ghost hits you!!
* * * LOW HITPOINT WARNING * * *
You are too berserk!
You are too berserk!
You feel a strong urge to attack something.
You are no longer berserk.
You are exhausted.
You feel yourself slow down. You block KNBrisson's ghost's attack.
KNBrisson's ghost hits you!!
You die...
Pakellas says: Back to the drawing board!

#.#####.#.(.## #.#
# #.......##'##
#.# # #.########.#
#.## # #.#
######.###### #..#
# #.#
#...........# ##.#
#
##.###.###...###.#
#.# #
#...##.##.....##.#
#.# #
#.#....###...###.#
#.# # #...####
##@## #.#######.#
# ##### #W#
#.........# # #.#
########### #.#
#.# #.# #.# #.#
#.#


You could see KNBrisson's ghost.

Vanquished Creatures
  The ghost of Minkie the Covered, an amateur DDFi (D:3)
  2 phantoms (D:4)
  Purgy (Sewer)
  2 slaves (D:8)
  An ice beast (D:4)
  2 sky beasts
  3 ogres
  2 centaurs
  5 giant frogs
  A scorpion (D:3)
  A howler monkey (D:4)
  A crimson imp (D:8)
  A hound (D:8)
  An orc wizard (D:7)
  4 worker ants
  2 hound zombies
  2 worker ant zombies
  Robin (D:2)
  4 gnolls (D:6)
  12 adders
  A shadow imp (D:5)
  An ooze (D:3)
  An adder zombie (D:7)
  3 dart slugs
  7 giant geckos
  10 orcs
  11 bats
  6 giant cockroaches
  20 goblins
  15 hobgoblins
  6 jackals (D:6)
  3 quokkas
  A ball python (D:1)
  A ball python skeleton (D:4)
  A giant gecko zombie (D:8)
  3 giant newts
  11 kobolds
  A quokka skeleton (D:6)
  5 rats
156 creatures vanquished.

Notes
Turn   | Place    | Note
--------------------------------------------------------------
     0 | D:1      | Minkie the Deep Dwarf Fighter began the quest for the Orb.
     0 | D:1      | Reached XP level 1. HP: 20/20 MP: 1/1
    56 | D:1      | Reached XP level 2. HP: 22/27 MP: 2/2
   454 | D:1      | Reached XP level 3. HP: 21/33 MP: 3/3
   465 | D:1      | Reached skill level 1 in Evocations
   762 | D:2      | Found a faded altar to an unknown god.
   799 | D:2      | Reached skill level 3 in Maces & Flails
  1116 | D:2      | Reached XP level 4. HP: 16/42 MP: 4/4
  1337 | D:2      | Noticed Robin
  1356 | D:2      | Killed Robin
  1647 | D:3      | Noticed Minkie's ghost (amateur DDFi)
  1665 | D:3      | Killed Minkie's ghost
  1665 | D:3      | Reached skill level 4 in Maces & Flails
  1665 | D:3      | Reached XP level 5. HP: 40/49 MP: 6/6
  1693 | D:3      | Reached XP level 6. HP: 45/56 MP: 6/8
  1882 | D:3      | Found a snail-covered altar of Cheibriados.
  1883 | D:3      | Found an oddly glowing altar of Pakellas.
  1894 | D:3      | Became a worshipper of Pakellas the Inventive
  1932 | D:3      | Found a shattered altar of Ashenzari.
  1970 | D:3      | Reached skill level 5 in Maces & Flails
  2173 | D:4      | Found a staircase to the Ecumenical Temple.
  2243 | D:4      | You fall through a shaft for 2 floors!
  2246 | D:5      | Entered Level 5 of the Dungeon
  2357 | D:4      | Found a glowing drain.
  2384 | D:4      | Noticed an ice beast
  2410 | D:4      | Killed an ice beast
  2410 | D:4      | Reached skill level 6 in Maces & Flails
  2410 | D:4      | Reached XP level 7. HP: 33/62 MP: 8/10
  2417 | Sewer    | Entered a sewer
  2435 | Sewer    | Reached * piety under Pakellas
  2435 | Sewer    | Received a gift from Pakellas
  2570 | Sewer    | Noticed Purgy
  2589 | Sewer    | Killed Purgy
  2731 | D:4      | You fall through a shaft for 3 floors!
  2775 | D:7      | Reached skill level 7 in Maces & Flails
  2775 | D:7      | Reached skill level 5 in Evocations
  3055 | D:7      | Reached XP level 8. HP: 17/69 MP: 9/12
  3080 | D:7      | Found a white marble altar of Elyvilon.
  3210 | D:6      | Reached skill level 8 in Maces & Flails
  3361 | D:4      | Found a shimmering altar of Xom.
  3386 | D:4      | Reached ** piety under Pakellas
  3386 | D:4      | Received a gift from Pakellas
  4195 | D:5      | Reached skill level 9 in Maces & Flails
  4769 | D:6      | Found an opulent altar of Gozag.
  4769 | D:6      | Found a glowing silver altar of Zin.
  4911 | D:7      | Found a shadowy altar of Dithmenos.
  5418 | D:8      | Gained mutation: You passively map the area around you. [Deep Dwarf growth]
  5418 | D:8      | Reached XP level 9. HP: 52/75 MP: 14/14
  5666 | D:8      | Reached skill level 13 in Maces & Flails
  5666 | D:8      | Reached XP level 10. HP: 58/84 MP: 14/18
  5667 | D:8      | Reached skill level 14 in Maces & Flails
  5667 | D:8      | Reached XP level 11. HP: 62/90 MP: 14/20
  5674 | D:8      | Noticed KNBrisson's ghost (novice FeBe)
  5700 | D:8      | HP: 4/135 [KNBrisson's ghost (19)]
  5706 | D:8      | Mangled by KNBrisson's ghost

Skill      XL: |  1  2  3  4  5  6  7  8  9 10 |
---------------+-------------------------------+-----
Evocations     | 1 2 4 5 7 11 13 | 13.0
Maces & Flails | 3 4 6 7 9 13 14 | 14.5
Fighting       | 3 |  3.0
Armour         | 4 |  4.1
Shields        | 4 |  4.1

Action                   |  1- 3 |  4- 6 |  7- 9 | 10-12 || total
-------------------------+-------+-------+-------+-------++-------
Melee: Flail             |   162 |   214 |   342 |    19 ||   737
Throw: Tomahawk          |       |       |     4 |       ||     4
Invok: Quick Charge      |       |       |     3 |       ||     3
Evoke: Wand              |       |     4 |    11 |       ||    15
  Use: Potion            |       |     1 |     2 |     2 ||     5
       Scroll            |       |       |    10 |       ||    10
  Eat: Chunk             |     1 |     4 |    10 |     1 ||    16
       Beef jerky        |       |       |     1 |       ||     1
Armor: Scale mail        |    78 |    90 |    60 |       ||   228
       Chain mail        |       |       |   114 |       ||   114
Dodge: Dodged            |    47 |    49 |    89 |     1 ||   186
Block: Shield            |    97 |   109 |   170 |     4 ||   380
